 Dungeon Crawl Stone Soup version 0.23.1 (webtiles) character file.

Game seed: 6947742546354118372

599 Kairos the Sneak (level 7, -4/35 HPs)
             Began as a Vine Stalker Assassin on Mar 10, 2019.
             Slain by an orc
             ... wielding a +0 war axe
              (10 damage)
             ... on level 4 of the Dungeon.
             The game lasted 00:04:48 (3607 turns).

Kairos the Sneak (Vine Stalker Assassin)            Turns: 3607, Time: 00:04:50

Health: -4/35      AC:  5    Str: 15    XL:     7   Next: 41%
Magic:  0/8        EV: 12    Int: 11    God:
Gold:   210        SH:  0    Dex: 16    Spells: 6/6 levels left

rFire    . . .     SeeInvis .   q - +0 dagger (drain)
rCold    . . .     Gourm    .   (no shield)
rNeg     . . .     Faith    .   r - +0 leather armour
rPois    .         Spirit   +   (no helmet)
rElec    .         Reflect  .   d - +0 cloak
rCorr    .         Harm     .   (no gloves)
MR       .....                  k - +0 pair of boots
Stlth    ++++......             (no amulet)
HPRegen  0.51/turn              (no ring)
MPRegen  0.11/turn              (no ring)

@: about to teleport
A: fangs 2, regeneration 1, magic shield, antimagic bite, no potion heal 3, rot
immunity
a: no special abilities


You were on level 4 of the Dungeon.
You were not hungry.

You visited 1 branch of the dungeon, and saw 4 of its levels.

You collected 210 gold pieces.

Inventory:

Hand Weapons
 a - a +2 dagger
 b - a +0 blowgun
 c - a +3 dagger
 q - a +0 dagger of draining (weapon)
Missiles
 e - 17 poisoned needles
 f - 2 curare-tipped needles
Armour
 d - a +0 cloak (worn)
 k - a +0 pair of boots (worn)
 r - a +0 leather armour (worn)
Wands
 t - a wand of acid (19)
 v - a wand of flame (8)
Scrolls
 i - a scroll of fear {unknown}
 l - 4 scrolls of magic mapping
 m - 2 scrolls of identify
 o - a scroll of amnesia {unknown}
 w - 2 scrolls of teleportation
 y - 2 scrolls of fog {unknown}
 A - 3 scrolls of enchant armour {unknown}
 F - a scroll of remove curse {unknown}
Potions
 h - a potion of mutation {unknown}
 j - 2 potions of curing {unknown}
 n - 2 potions of lignification
 p - 2 potions of ambrosia {unknown}
 s - a potion of flight {unknown}
 x - a potion of might {unknown}
 z - a potion of degeneration {unknown}
 B - 2 potions of agility
 D - a potion of magic {unknown}
 E - 2 potions of haste {unknown}
Comestibles
 g - 6 rations
 u - 9 chunks of flesh


   Skills:
 + Level 2.6 Fighting
 + Level 3.6 Short Blades
 + Level 1.8 Throwing
 + Level 2.6 Armour
 + Level 2.4 Dodging
 + Level 7.6 Stealth


You had 6 spell levels left.
You didn't know any spells.
Your spell library was empty.

Dungeon Overview and Level Annotations

Branches:
Dungeon (4/15)
 Temple: D:4-7

Altars:
Gozag
Kikubaaqudgha
Okawaru
Zin
The Shining One


Innate Abilities, Weirdness & Mutations

You have extremely sharp teeth.
Your natural rate of healing is unusually fast.
When hurt, damage is shared between your health and your magic reserves.
Your bite disrupts and absorbs the magic of your enemies.
Potions cannot restore your health.
You are immune to rotting.


Message History

As you read the scroll of teleportation, it crumbles to dust.
You feel strangely unstable.
The orc wizard casts a spell.
The orc wizard blinks!
The orc wizard misses you.
You hit the orc but do no damage. You drain the orc. Your bite misses the orc.
The orc is heavily wounded.
The orc hits you with a +0 war axe.
* * * LOW HITPOINT WARNING * * *
The orc wizard gestures at you while chanting.
You easily resist.
You hit the orc but do no damage. Your bite misses the orc.
The orc is heavily wounded.
The orc closely misses you. The orc wizard closely misses you.
You hit the orc.
The orc is severely wounded.
The orc wizard points at you and mumbles some strange words.
The magic dart hits you.
* * * LOW HITPOINT WARNING * * *
The orc hits you with a +0 war axe!
You die...

. ##..
..#### ##...
.....##
#....
.......
#....
.......
##...
.ยง.....
#...
##o....#
.#... #
###Og..?#
..... #.##
####@og#
##...
#..##..o.###
##..
#....### ###
##.### # #.#
#.# #.##
###..#
#..#.#


You could see an ogre, 2 orc wizards, 2 gnolls and an orc.

Vanquished Creatures
  Eustachio (D:3)
  An ogre (D:3)
  A hound (D:4)
  3 orc wizards (D:4)
  Jessica (D:3)
  Ijyb (D:3)
  An iguana (D:4)
  2 worker ants (D:4)
  Terence (D:3)
  3 adders
  An ooze (D:1)
  An adder skeleton (D:4)
  2 worms
  4 dart slugs
  2 leopard geckos
  3 orcs (D:4)
  A bat (D:1)
  5 giant cockroaches
  4 goblins (D:1)
  3 hobgoblins
  9 jackals
  3 frilled lizards
  8 kobolds
  A leopard gecko skeleton (D:3)
  6 rats
68 creatures vanquished.

Notes
Turn   | Place    | Note
-------+----------+-------------------------------------------
     0 | D:1      | Kairos the Vine Stalker Assassin began the quest for the
                  | Orb.
     0 | D:1      | Reached XP level 1. HP: 11/11 MP: 2/2
    13 | D:1      | Reached skill level 5 in Stealth
    42 | D:1      | Reached XP level 2. HP: 9/15 MP: 3/3
   414 | D:1      | Reached skill level 1 in Dodging
   448 | D:1      | Reached XP level 3. HP: 13/18 MP: 4/4
  1359 | D:2      | Found an ancient bone altar of Kikubaaqudgha.
  1857 | D:2      | Found a glowing golden altar of the Shining One.
  1914 | D:2      | Gained mutation: Your natural rate of healing is unusually
                  | fast. [Vine Stalker growth]
  1914 | D:2      | Reached XP level 4. HP: 13/23 MP: 2/5
  1970 | D:2      | Reached skill level 6 in Stealth
  2192 | D:3      | Noticed Ijyb
  2197 | D:3      | Killed Ijyb
  2259 | D:3      | Found an iron altar of Okawaru.
  2350 | D:3      | Found an opulent altar of Gozag.
  2351 | D:3      | Found a glowing silver altar of Zin.
  2389 | D:3      | Noticed Terence
  2391 | D:3      | Killed Terence
  2391 | D:3      | Reached XP level 5. HP: 26/26 MP: 6/6
  2542 | D:3      | Noticed Jessica
  2548 | D:3      | Killed Jessica
  2959 | D:4      | Reached skill level 1 in Armour
  3120 | D:4      | Reached skill level 7 in Stealth
  3120 | D:4      | Reached XP level 6. HP: 28/30 MP: 7/7
  3176 | D:4      | Noticed Eustachio
  3254 | D:3      | Killed Eustachio
  3254 | D:3      | Reached XP level 7. HP: 33/35 MP: 8/8
  3607 | D:4      | Slain by an orc

Skill      XL: |  1  2  3  4  5  6 |
---------------+-------------------+-----
Stealth        | 5 6 7 |  7.6
Dodging        | 1 2 |  2.4
Short Blades   | 2 3 |  3.6
Fighting       | 2 |  2.6
Armour         | 1 2 |  2.6
Throwing       | |  1.8

Action                   |  1- 3 |  4- 6 |  7- 9 || total
-------------------------+-------+-------+-------++-------
Melee: Dagger            |   107 |   129 |    52 ||   288
       Bite              |    21 |    45 |    13 ||    79
  Use: Scroll            |     1 |     5 |     1 ||     7
 Stab: Sleeping          |    11 |     4 |     1 ||    16
  Eat: Chunk             |     2 |     4 |     3 ||     9
Armor: Robe              |    22 |       |       ||    22
       Leather armour    |     9 |    21 |    15 ||    45
Dodge: Dodged            |    61 |    85 |    18 ||   164
